 Dungeon Crawl Stone Soup version 0.24.0-123-gd5b16e6ec5 (webtiles) character file.

Game seed: 7663494893515087070, levelgen mode: deterministic

52 vurker the Gusty (level 3, -5/15 HPs)
             Began as a Felid Air Elementalist on Feb 3, 2020.
             Slain by Grinder (7 damage)
             ... on level 3 of the Dungeon.
             The game lasted 00:03:55 (2806 turns).

vurker the Gusty (Felid Air Elementalist)           Turns: 2806, Time: 00:03:56

Health: -5/15      AC:  1    Str:  4    XL:     3   Next: 60%
Magic:  1/8        EV: 18    Int: 17    God:
Gold:   93         SH:  0    Dex: 16    Spells: 6/7 levels left
                                        Lives:  0   Deaths: 1

rFire    . . .     SeeInvis +   (weapon unavailable)
rCold    . . .     Gourm    .   (shield unavailable)
rNeg     . . .     Faith    .   (armour unavailable)
rPois    .         Spirit   .   (helmet unavailable)
rElec    .         Reflect  .   (cloak unavailable)
rCorr    .         Harm     .   (gloves unavailable)
MR       .....                  (boots unavailable)
Stlth    +++.......             (no amulet)
HPRegen  0.05/turn              (no ring)
MPRegen  0.11/turn              (no ring)

@: quick
A: very small, no armour, no weapons or thrown items, stealth, claws 1, fangs 3,
see invisible, carnivore, speed 1, shaggy fur 1, slow metabolism 1, sharp paws
a: no special abilities


You were on level 3 of the Dungeon.
You were full.

You visited 1 branch of the dungeon, and saw 3 of its levels.

You collected 93 gold pieces.

Inventory:

Scrolls
 a - a scroll of blinking {unknown}
 d - 3 scrolls of magic mapping {unknown}
 f - a scroll of teleportation {unknown}
 h - a scroll of enchant armour {unknown}
 j - 2 scrolls of identify {unknown}
 k - a scroll of noise {unknown}
 l - a scroll of fog {unknown}
Potions
 b - a potion of heal wounds
 c - a potion of flight {unknown}
 g - a potion of haste {unknown}
 i - 2 potions of brilliance
Comestibles
 e - 4 rations


   Skills:
 + Level 1.2 Fighting
 - Level 2.6 Dodging
 - Level 2.6 Stealth
 * Level 2.8 Spellcasting
 * Level 2.1 Conjurations
 * Level 3.4 Air Magic


You had 6 spell levels left.
You knew the following spells:

 Your Spells              Type           Power        Failure   Level  Hunger
a - Shock                 Conj/Air       ##..         5%          1    #......

Your spell library contained the following spells:

 Spells                   Type           Power        Failure   Level  Hunger
 Swiftness                Chrm/Air       #.......     13%         2    ##.....
 Static Discharge         Conj/Air       ##......     17%         3    ###....
 Airstrike                Air            ##........   38%         4    #####..
 Lightning Bolt           Conj/Air       ##........   83%         5    ######.


Dungeon Overview and Level Annotations

Branches:
Dungeon (3/15)

Altars:
Qazlal
Uskayaw
Wu Jian
Zin

Annotations:
D:3 2 transporters, Grinder


Innate Abilities, Weirdness & Mutations

You cannot wear armour.
You are incapable of wielding weapons or throwing items.
Your paws allow you to move quietly. (Stealth)
You have sharp claws.
You have razor-sharp teeth.
You have supernaturally acute eyesight. (SInv)
You are carnivorous and can eat meat at any time.
You cover ground quickly.
You are covered in fur. (AC +1)
You have a slow metabolism.
Your sharp claws are effective at attacking unaware monsters.


Message History

The frilled lizard hisses angrily.
A frilled lizard is nearby!
A frilled lizard is nearby!
A frilled lizard is nearby!
Aim: a frilled lizard The zap misses the frilled lizard.
Aim: a frilled lizard The zap misses the frilled lizard.
Aim: a frilled lizard The zap misses the frilled lizard.
Aim: a frilled lizard The zap hits the frilled lizard.
You kill the frilled lizard!
Grinder is too close now for your liking.
Grinder is nearby!
Aim: Grinder (hasn't noticed you)
The zap hits Grinder.
Grinder shouts!
Grinder gestures at you. You resist with significant effort.
Grinder is nearby!
Aim: Grinder (lightly wounded)
The zap hits Grinder.
Aim: Grinder (lightly wounded)
The zap hits Grinder.
Grinder blinks!
Aim: Grinder (moderately wounded) That beam is likely to hit you.
Continue anyway? [Y]es or [N]o only, please.
That beam is likely to hit you.
Continue anyway? [Y]es or [N]o only, please.
That beam is likely to hit you.
Continue anyway?
Okay, then.
Aim: Grinder (moderately wounded) That beam is likely to hit you.
Continue anyway?
Okay, then.
Grinder gestures at you. Pain shoots through your body!
Ouch! That really hurt!
* * * LOW HITPOINT WARNING * * *
Aim: Grinder (moderately wounded)
The zap hits Grinder. x2
Aim: Grinder (heavily wounded)
The zap hits Grinder.
The zap misses Grinder.
Grinder gestures at you.
You barely resist.
Aim: Grinder (heavily wounded)
The zap misses Grinder.
The zap hits Grinder.
You don't have enough magic to cast that spell.
You scratch Grinder. You bite Grinder. Grinder hits you!
You die...

#####.≈≈..#.#
#....≈≈.##.# #.
#####.#..≈≈.#g.# #.
#........≈≈.##.# #..
#÷###.#..≈≈..#.# #.. #.#
#.#..≈≈###.# #... #.#
#.#..≈≈#....
###...####.###....≈≈#..##
........@.)..###..≈≈#g.#8
..†....5>....#....≈≈####.
.............#.##.≈≈≈≈≈≈≈
#####.########.##.≈≈≈≈≈≈≈
## #.##........ ......
#.##.####### §..≈... #
#.##...# ..≈≈≈...#.
######......#####
≈≈≈§§.....
#......##........


You could see Grinder.

Vanquished Creatures
  4 adders (D:2)
  2 oozes
  3 worms
  2 dart slugs
  2 leopard geckos (D:2)
  3 giant cockroaches
  5 goblins
  6 hobgoblins
  A quokka (D:2)
  2 bats (D:2)
  2 frilled lizards
  4 kobolds
  6 rats
42 creatures vanquished.

Notes
Turn   | Place    | Note
-------+----------+-------------------------------------------
     0 | D:1      | vurker the Felid Air Elementalist began the quest for the
                  | Orb.
     0 | D:1      | Reached XP level 1. HP: 7/7 MP: 4/4
    15 | D:1      | Reached skill level 1 in Conjurations
   405 | D:1      | Reached XP level 2. HP: 11/11 MP: 1/6
   982 | D:2      | Reached skill level 3 in Air Magic
  1048 | D:2      | Reached XP level 3. HP: 15/15 MP: 4/7
  1136 | D:2      | Reached skill level 1 in Fighting
  1752 | D:2      | Reached XP level 4. HP: 19/19 MP: 4/8
  1940 | D:2      | Found a glowing silver altar of Zin.
  1940 | D:2      | Found a hide-covered altar of Uskayaw.
  1941 | D:2      | Found an ornate altar of the Wu Jian Council.
  2381 | D:3      | Noticed Grinder
  2392 | D:3      | Paralysed by Grinder for 6 turns
  2398 | D:3      | Killed from afar by Grinder
  2399 | D:3      | Reached XP level 3. HP: -3/15 MP: 6/8
  2404 | D:3      | Found a stormy altar of Qazlal.
  2581 | D:3      | Found a transporter.
  2672 | D:3      | Found a transporter.
  2806 | D:3      | Slain by Grinder

Levels and vault maps discovered:
D:1:      dpeg_arrival_tiny_a, layout_basic, glass_columns_b,
          hangedman_decor_opposing
D:2:      layout_basic, gammafunk_temple_overflow_claw
D:3:      layout_loops_cross, gammafunk_temple_overflow_elements, first_ration,
          gammafunk_ghost_gnarly_gnolls, nicolae_qazlal_general_emergency,
          uniq_grinder, uniq_terence

Skill      XL: |  1  2  3  4 |
---------------+-------------+-----
Conjurations   | 1 2 |  2.1
Air Magic      | 3 |  3.4
Fighting       | 1 |  1.2
Dodging        | |  2.6
Stealth        | |  2.6
Spellcasting   | |  2.8

Action                   |  1- 3 |  4- 6 || total
-------------------------+-------+-------++-------
Melee: Unarmed           |    35 |    11 ||    46
       Bite              |     2 |       ||     2
 Cast: Shock             |   101 |    27 ||   128
  Use: Potion            |     4 |       ||     4
  Eat: Chunk             |    13 |     1 ||    14
Armor: Skin              |     9 |       ||     9
Dodge: Dodged            |    37 |    10 ||    47
